 Dungeon Sprint DCSS version 0.25.1-8-g42b30a86e7 (webtiles) character file.

Game seed: 3977937513284036207

5525 jbtxwes the Shatterer (level 10, -17/91 HPs)
             Began as a Minotaur Gladiator on Dec 18, 2020.
             Was the Champion of Makhleb.
             Killed from afar by a crystal guardian (38 damage)
             ... with a crystal bolt
             ... in the Dungeon (Sprint V: "Ziggurat Sprint").
             The game lasted 00:08:34 (664 turns).

jbtxwes the Shatterer (Minotaur Gladiator)           Turns: 664, Time: 00:08:35

Health: -17/91     AC: 30    Str: 34    XL:     10   Next: 43%
Magic:  9/9        EV:  2    Int:  5    God:    Makhleb [******]
Gold:   0          SH: 27    Dex: 12    Spells: 9/9 levels left

rFire    . . .     SeeInvis .   L - +6 shillelagh "Devastator" {shatter}
rCold    . . .     Gourm    .   I - +18 shield of the Gong {rElec rN+ MR+ EV-5}
rNeg     + . .     Faith    .   H - +15 Maxwell's patent armour {-Cast -Tele rElec MR+ rCorr}
rPois    .         Spirit   .   b - +0 hat
rElec    +         Reflect  .   (no cloak)
rCorr    +         Harm     .   (no gloves)
MR       ++...     NoTele   +   (no boots) Stlth ..........NoCast +
                                O - amulet of regeneration
HPRegen  0.65/turn              C - +6 ring of strength
MPRegen  0.11/turn              B - +6 ring of strength

@: no status effects
A: retaliatory headbutt, horns 2
a: Minor Destruction, Lesser Servant of Makhleb, Major Destruction, Greater
Servant of Makhleb, Renounce Religion


You were in the Dungeon.
You worshipped Makhleb.
Makhleb was exalted by your worship.
You were not hungry.

You visited 1 branch

Inventory:

Hand Weapons
 z - the +10 whip of the Jester {vorpal, Str+3}
   (You found it in the Dungeon)

   It inflicts extra damage upon your enemies.
   It affects your strength (+3).
 J - the +7 Singing Sword {vorpal, sonic wave}
   (You found it in the Dungeon)

   It inflicts extra damage upon your enemies.
 K - the +8 lance "Wyrmbane" {slay drac, rPois rF+ rC+ AC+3}
   (You found it in the Dungeon)

   It affects your AC (+3).
   It protects you from fire.
   It protects you from cold.
   It protects you from poison.
 L - the +6 shillelagh "Devastator" (weapon) {shatter}
   (You found it in the Dungeon)
Missiles
 c - 3 throwing nets (quivered)
Armour
 b - a +0 hat (worn)
 H - the +15 Maxwell's patent armour (worn) {-Cast -Tele rElec MR+ rCorr}
   (You found it in the Dungeon)

   It insulates you from electricity.
   It affects your resistance to hostile enchantments.
   It prevents spellcasting.
   It prevents most forms of teleportation.
   It provides partial protection from all sources of acid and corrosion.
 I - the +18 shield of the Gong (worn) {rElec rN+ MR+ EV-5}
   (You found it in the Dungeon)

   It affects your evasion (-5).
   It insulates you from electricity.
   It protects you from negative energy.
   It affects your resistance to hostile enchantments.
Jewellery
 w - an uncursed ring of flight
 y - a +6 ring of dexterity
 A - a +6 ring of intelligence
 B - a +6 ring of strength (right hand)
 C - a +6 ring of strength (left hand)
 M - the ring "Muzxu" {Ice +Blink}
   (You found it in the Dungeon)

   [ring of ice]

   It enhances your ice magic.
   It makes you vulnerable to fire.
   It protects you from cold.
   It lets you blink.
 N - a +4 ring of evasion
 O - an amulet of regeneration (around neck)
 P - an uncursed ring of fire
 Q - an uncursed amulet of guardian spirit
 R - an uncursed ring of fire
 S - an uncursed ring of see invisible
Wands
 D - a wand of disintegration (7)
 E - a wand of iceblast (7)
 F - a wand of acid (7)
Scrolls
 j - 4 scrolls of blinking
 q - 4 scrolls of amnesia
 r - 7 scrolls of fog
 s - a scroll of holy word
 t - 5 scrolls of identify
 u - 5 scrolls of remove curse
 v - 2 scrolls of fear
 x - 4 scrolls of enchant weapon
Potions
 e - 10 potions of curing
 f - 10 potions of heal wounds
 g - 10 potions of haste
 h - 7 potions of magic
 i - 3 potions of berserk rage
 k - 2 potions of brilliance
 l - 2 potions of invisibility
 m - 4 potions of resistance
 o - 5 potions of stabbing
 p - 5 potions of might
Miscellaneous
 a - a lightning rod (4/4)
 n - a tin of tremorstones (3/3)
 G - a lightning rod (4/4)
 T - a lightning rod (4/4)
 U - a phantom mirror
 V - a box of beasts
Comestibles
 d - 7 rations


   Skills:
 - Level 9.2 Fighting
 - Level 22.4 Maces & Flails
 - Level 2.0 Throwing
 + Level 12.8 Armour
 - Level 3.2 Dodging
 - Level 3.2 Unarmed Combat


You had 9 spell levels left.
You didn't know any spells.
Your spell library was empty.

Dungeon Overview and Level Annotations

Branches:
Dungeon (1/1)

Altars:
Ashenzari
Cheibriados
Dithmenos
Elyvilon
Fedhas
Gozag
Hepliaklqana
Kikubaaqudgha
Makhleb
Nemelex Xobeh
Okawaru
Qazlal
Ru
Sif Muna
Trog
Uskayaw
Vehumet
Wu Jian
Xom
Yredelemnul
Zin
The Shining One
Beogh
Jiyva
Lugonu


Innate Abilities, Weirdness & Mutations

You reflexively headbutt those who attack you in melee.
You have a pair of horns on your head.


Message History

You headbutt the iron golem!
You destroy the iron golem!
Makhleb accepts your kill.
You feel better.
Your Armour skill increases to level 12!
You sock the iron golem!
The iron golem shudders.
The iron golem is moderately damaged.
You headbutt the iron golem!
The iron golem is heavily damaged.
You block the iron golem's attack.
GONNNNG!
You closely miss the iron dragon.
You headbutt the iron dragon, but do no damage.
The iron dragon is lightly wounded.
The crystal guardian fires a crystalline bolt at you.
The crystal bolt freezes the iron golem.
The iron golem completely resists.
The crystal bolt freezes you!!
* * * LOW HITPOINT WARNING * * *
The crystal bolt freezes you!!!
You die...

▓..):}}[. ▓..||.||.
▓..":=|}..▓...:=...
▓.........▓........
▓.........▓........
▓.........▓........
▓..E......▓....†...
▓C.8......▓.▓.....▓
▓D▓8....▓.▓....©...
▓.@..©....▓▓▓▓▓▓▓▓▓
▓▓▓▓▓▓▓▓▓▓▓


You could see an iron golem, an iron dragon, a stone giant, a crystal guardian
and an earth elemental.

Vanquished Creatures
  A crystal guardian (D)
  A mummy priest (D)
  An iron golem (D)
  A gargoyle (D)
  2 guardian mummies (D)
  2 jumping spiders (D)
  An air elemental (D)
  A flying skull (D)
  2 tarantellas (D)
  2 fire elementals (D)
  3 hell hounds (D)
  A necrophage (D)
  4 phantoms (D)
  A wolf (D)
  A bullfrog (D)
  2 earth elementals (D)
  2 scorpions (D)
  3 quasits (D)
  3 mummies (D)
  2 adders (D)
  An ufetubus (D)
  3 adder zombies (D)
  2 adder skeletons (D)
  3 bat skeletons (D)
  4 bat zombies (D)
  2 ball pythons (D)
  A ball python skeleton (D)
  2 jackal zombies (D)
  A quokka skeleton (D)
55 creatures vanquished.

Vanquished Creatures (others)
  Ilsuiw (D)
  Snorg (D)
  Erolcha (D)
  A spatial maelstrom (D)
  Pikel (D)
  Grinder (D)
  Eustachio (D)
  Menkaure (D)
  4 insubstantial wisps (D)
  Purgy (D)
  Crazy Yiuf (D)
  Jessica (D)
  Ijyb (D)
16 creatures vanquished.

Grand Total: 71 creatures vanquished

Notes
Turn   | Place    | Note
-------+----------+-------------------------------------------
     0 | D        | jbtxwes the Minotaur Gladiator began the quest for the Orb.
     0 | D        | Reached XP level 1. HP: 18/18 MP: 0/0
     0 | D        | Found a shimmering blue altar of Sif Muna.
     0 | D        | Found a sacrificial altar of Ru.
     0 | D        | Found a bloodstained altar of Trog.
     0 | D        | Found a stormy altar of Qazlal.
     0 | D        | Found an iron altar of Okawaru.
     0 | D        | Found a sparkling altar of Nemelex Xobeh.
     0 | D        | Found a blossoming altar of Fedhas.
     1 | D        | Found the +6 Majin-Bo {vamp, Archmagi MP+6 Int+6}
     1 | D        | Found the +7 great mace "Firestarter" {inner flame, rF++}
     2 | D        | Found a transporter.
     2 | D        | Found an ancient bone altar of Kikubaaqudgha.
     2 | D        | Found a viscous altar of Jiyva.
     2 | D        | Found a corrupted altar of Lugonu.
     2 | D        | Found a hazy altar of Hepliaklqana.
     2 | D        | Found a burning altar of Makhleb.
     2 | D        | Found an opulent altar of Gozag.
     3 | D        | Killed Menkaure
     5 | D        | Killed Crazy Yiuf
    14 | D        | Killed Eustachio
    16 | D        | Banished a spatial maelstrom
    23 | D        | Found the +9 heavy crossbow "Sniper" {vorpal, Acc+∞ SInv}
    23 | D        | Found the +10 dark maul {vorpal}
    23 | D        | Found the +15 Maxwell's patent armour {-Cast -Tele rElec
                  | MR+ rCorr}
    23 | D        | Found the +18 shield of the Gong {rElec rN+ MR+ EV-5}
    23 | D        | Found the cursed +14 obsidian axe {vorpal, +Fly SInv
                  | *Curse}
    25 | D        | Found the +6 shillelagh "Devastator" {shatter}
    25 | D        | Found the +11 plutonium sword {*Contam Stlth-}
    25 | D        | Found the +8 lance "Wyrmbane" {slay drac, rPois rF+ rC+
                  | AC+3}
    25 | D        | Found the +9 sword of Zonguldrok {reap}
    25 | D        | Found the cursed +13 scythe of Curses {drain, *Curse}
    25 | D        | Found the +0 sword of Power
    25 | D        | Found the +7 mace of Variability {chain chaos}
    25 | D        | Found the +7 Singing Sword {vorpal, sonic wave}
    25 | D        | Found the +8 storm bow {elec, penet}
    29 | D        | Became a worshipper of Makhleb the Destroyer
    33 | D        | Killed Purgy
    58 | D        | Reached XP level 2. HP: 37/37 MP: 1/1
    65 | D        | Entered arena 2.
    65 | D        | Noticed a wolf
    65 | D        | Noticed a bullfrog
    65 | D        | Found a transporter.
    66 | D        | Killed a bullfrog
    66 | D        | Reached skill level 6 in Maces & Flails
    66 | D        | Reached XP level 3. HP: 42/42 MP: 2/2
    66 | D        | Reached XP level 4. HP: 50/50 MP: 3/3
    67 | D        | Killed a wolf
    67 | D        | Reached skill level 10 in Maces & Flails
    67 | D        | Reached XP level 5. HP: 57/57 MP: 4/4
   171 | D        | Killed Jessica
   176 | D        | Entered arena 3.
   176 | D        | Found a transporter.
   181 | D        | Reached * piety under Makhleb
   181 | D        | Reached skill level 11 in Maces & Flails
   188 | D        | Killed Ijyb
   196 | D        | Entered arena 4.
   196 | D        | Noticed a hell hound
   196 | D        | Noticed a fire elemental
   196 | D        | Noticed a fire elemental
   196 | D        | Noticed a hell hound
   196 | D        | Found a transporter.
   201 | D        | Killed a hell hound
   201 | D        | Reached ** piety under Makhleb
   201 | D        | Reached skill level 13 in Maces & Flails
   201 | D        | Reached XP level 6. HP: 57/63 MP: 5/5
   202 | D        | Killed a hell hound
   202 | D        | Reached skill level 14 in Maces & Flails
   205 | D        | Killed a fire elemental
   205 | D        | Reached skill level 15 in Maces & Flails
   205 | D        | Reached XP level 7. HP: 70/70 MP: 6/6
   210 | D        | Killed a fire elemental
   210 | D        | Reached skill level 16 in Maces & Flails
   245 | D        | Entered arena 5.
   245 | D        | Found a transporter.
   247 | D        | Reached *** piety under Makhleb
   252 | D        | Got the +10 whip of the Jester {vorpal, Str+3}
   254 | D        | Got the ring "Muzxu" {Ice +Blink}
   255 | D        | Killed Pikel
   257 | D        | Entered arena 6.
   257 | D        | Noticed an air elemental
   257 | D        | Found a transporter.
   262 | D        | Killed Erolcha
   265 | D        | Killed an air elemental
   265 | D        | Reached **** piety under Makhleb
   265 | D        | Reached skill level 17 in Maces & Flails
   289 | D        | Entered arena 7.
   289 | D        | Noticed a tarantella
   289 | D        | Noticed a tarantella
   289 | D        | Noticed a jumping spider
   289 | D        | Noticed a jumping spider
   290 | D        | Found a transporter.
   293 | D        | Killed a tarantella
   293 | D        | Reached XP level 8. HP: 78/78 MP: 7/7
   296 | D        | Reached skill level 18 in Maces & Flails
   296 | D        | Reached ***** piety under Makhleb
   297 | D        | Killed a jumping spider
   297 | D        | Reached skill level 19 in Maces & Flails
   298 | D        | Killed a jumping spider
   347 | D        | Killed Grinder
   396 | D        | Killed Snorg
   413 | D        | Entered arena 8.
   414 | D        | Found a transporter.
   420 | D        | Reached skill level 20 in Maces & Flails
   441 | D        | Entered arena 9.
   441 | D        | Noticed a mummy priest
   441 | D        | Noticed a guardian mummy
   441 | D        | Noticed a flying skull
   441 | D        | Noticed a guardian mummy
   442 | D        | Found the +3 robe of Folly {Archmagi, MR-- Int+5}
   442 | D        | Found a transporter.
   444 | D        | Killed a flying skull
   444 | D        | Reached XP level 9. HP: 83/83 MP: 8/8
   445 | D        | Killed a guardian mummy
   445 | D        | Reached ****** piety under Makhleb
   447 | D        | Reached skill level 21 in Maces & Flails
   450 | D        | Killed a mummy priest
   450 | D        | Reached skill level 22 in Maces & Flails
   455 | D        | Killed a guardian mummy
   570 | D        | Entered arena 10.
   571 | D        | Found a transporter.
   585 | D        | Killed Ilsuiw
   609 | D        | Entered arena 11.
   610 | D        | Found a transporter.
   612 | D        | Reached skill level 5 in Armour
   646 | D        | Entered arena 12.
   646 | D        | Noticed a crystal guardian
   646 | D        | Noticed an iron golem
   646 | D        | Noticed a gargoyle
   651 | D        | Noticed a crystal guardian
   651 | D        | Noticed an iron golem
   652 | D        | Noticed an iron dragon
   652 | D        | Noticed a stone giant
   654 | D        | Killed a gargoyle
   654 | D        | Reached XP level 10. HP: 53/91 MP: 9/9
   656 | D        | Killed a crystal guardian
   662 | D        | Killed an iron golem
   664 | D        | Killed from afar by a crystal guardian

Illustrated notes

Levels and vault maps discovered:
D:        sprint_v [room_start, room_1, room_2, room_3, room_4, room_5, room_6,
          room_7, room_8, room_9, room_10, room_11, room_12, room_13, room_14,
          room_15, room_16, room_17, room_18, room_19, room_20, room_21,
          room_22, room_23, room_24, room_25, room_26, room_27]

Skill      XL: |  1  2  3  4  5  6  7  8  9 10 |
---------------+-------------------------------+-----
Fighting       | 9 |  9.2
Maces & Flails | 6 10 13 15 17 20 22 | 22.4
Armour         | 7 12 | 12.8
Throwing       | |  2.0
Dodging        | |  3.2
Unarmed Combat | |  3.2

Action                   |  1- 3 |  4- 6 |  7- 9 | 10-12 || total
-------------------------+-------+-------+-------+-------++-------
Melee: Shillelagh        |     1 |    15 |    65 |     9 ||    90
       Headbutt          |       |     4 |    15 |     4 ||    23
  Use: Potion            |     1 |       |       |       ||     1
Armor: Plate armour      |       |    16 |    18 |       ||    34
Dodge: Dodged            |       |       |     1 |       ||     1
Block: Kite shield       |       |    32 |    60 |     5 ||    97
